[Event "Titled Tuesday Blitz May 4 2021"]
[White "Rojas Alarcon, Julian Antonio"]
[Black "Ozkan, Ervin"]
[WhiteFideId "5107407"]
[BlackFideId "6306004"]
[WhiteElo "2333"]
[BlackElo "2226"]
[Result "0-1"]
[Round "09"]
[TimeControl "180+1"]
[Date "2021.05.04"]
[WhiteClock "0:00:21"]
[BlackClock "0:00:11"]

1. c4 c6 2. Nf3 d5 3. e3 Nf6 4. b3 Bg4 5. Bb2 e6 6. a3 a5 7. Qc2 Nbd7 8. d3 Bd6 9. Nbd2 O-O 10. Be2 Qe7 11. O-O e5 12. e4 dxe4 13. dxe4 Rfd8 14. Rfe1 Ne8 15. Nf1 Bxf3 16. Bxf3 Nc7 17. Ne3 g6 18. Red1 Ne6 19. g3 Bc5 20. Kg2 Bd4 21. Bg4 Bxb2 22. Qxb2 Nd4 23. Bxd7 Rxd7 24. b4 Qf6 25. f4 h5 26. f5 Rad8 27. Qf2 Nb3 28. Rxd7 Rxd7 29. Re1 Rd2 30. Re2 Rxe2 31. Qxe2 Qd6 32. c5 Qd4 33. Nc4 Nc1 34. Qc2 Nd3 35. Kf1 Qxe4 36. fxg6 fxg6 37. Nxa5 Qh1+ 38. Ke2 e4 39. Ke3 Qf3+ 40. Kd4 Nf2 41. Nc4 Ng4 42. Qd2 Qf5 43. Nd6 Qd5+ 44. Kc3 Qxd2+ 45. Kxd2 Nxh2 46. Nxb7 Nf1+ 47. Ke2 Nxg3+ 48. Ke3 h4 49. a4 h3 50. a5 h2 51. a6 h1=Q 52. a7 Qf3+ 53. Kd4 Qd3+ 54. Ke5 Qa6 55. Kd6 Qxa7 56. Kxc6 Qa2 57. b5 e3 58. b6 e2 59. Nd6 e1=Q 60. b7 Qh1+ 61. Kc7 Qxb7+ 62. Nxb7 Nf5 0-1


[Site "https://www.chess.com"]

[Event "Titled Tuesday Blitz May 4 2021"]
[White "Ronka, Erik"]
[Black "Wu, Christopher"]
[WhiteFideId "505080"]
[BlackFideId "2040875"]
[WhiteElo "2264"]
[BlackElo "2613"]
[Result "0-1"]
[Round "09"]
[TimeControl "180+1"]
[Date "2021.05.04"]
[WhiteClock "0:00:03"]
[BlackClock "0:01:15"]

1. d4 Nf6 2. c4 e6 3. Nc3 Bb4 4. a3 Bxc3+ 5. bxc3 O-O 6. f3 c5 7. e4 d6 8. Bd3 e5 9. Ne2 Nc6 10. O-O b6 11. f4 cxd4 12. fxe5 dxe5 13. Bg5 Bg4 14. Bxf6 gxf6 15. Qe1 dxc3 16. Qg3 Kh8 17. Kh1 Bxe2 18. Bxe2 Rg8 19. Qxc3 Nd4 20. Bh5 Rg7 21. Rf2 f5 22. exf5 Qh4 23. f6 Rg5 24. Raf1 Qxh5 25. Qe3 Rag8 26. Qe4 Qg6 27. g3 Qxe4+ 0-1


[Site "https://www.chess.com"]

[Event "Titled Tuesday Blitz May 4 2021"]
[White "Rosenberg, Evan S"]
[Black "Korkmaz, Necmettin"]
[WhiteFideId "2019299"]
[BlackFideId "6303285"]
[WhiteElo "2151"]
[BlackElo "2094"]
[Result "0-1"]
[Round "09"]
[TimeControl "180+1"]
[Date "2021.05.04"]
[WhiteClock "0:00:07"]
[BlackClock "0:00:51"]

1. Nf3 d5 2. c4 c6 3. d4 Nf6 4. Nc3 e6 5. Bg5 Nbd7 6. e3 Qa5 7. Nd2 Bb4 8. Rc1 Bxc3 9. Rxc3 Qxa2 10. Qc2 Qa5 11. Bf4 O-O 12. Bd3 Re8 13. O-O e5 14. dxe5 Nxe5 15. Bxe5 Rxe5 16. cxd5 Rxd5 17. h3 h6 18. Rd1 Qd8 19. Bc4 Rd6 20. e4 Rd4 21. e5 Nd5 22. Rg3 Nf4 23. Kh2 Be6 24. Bxe6 Nxe6 25. Qc3 Qd5 26. Qe3 Kh8 27. Rg4 Rd8 28. Rxd4 Qxd4 29. Qxd4 Rxd4 30. Kg3 Nc5 31. Kf3 Nb3 32. Ke3 Rxd2 33. Rxd2 Nxd2 34. Kxd2 Kg8 35. f4 Kf8 36. g4 Ke7 37. Kd3 b6 38. Ke4 g6 39. h4 Ke6 40. f5+ gxf5+ 41. gxf5+ Ke7 42. h5 a5 43. Kd4 Kd7 44. Kc4 Kc7 45. b3 Kd7 46. Kd4 b5 47. Kc5 Ke7 48. Kd4 Kd8 49. Kc5 Kc7 50. Kd4 a4 51. bxa4 bxa4 52. Kc4 c5 53. Kc3 Kc6 54. Kc4 Kd7 55. Kc3 Kc7 56. Kc4 Kc6 57. Kc3 Kd5 58. e6 fxe6 59. f6 Kd6 60. f7 Ke7 61. Kc4 Kxf7 62. Kxc5 a3 0-1


[Site "https://www.chess.com"]

[Event "Titled Tuesday Blitz May 4 2021"]
[White "Royal, Shreyas"]
[Black "Shvedova, Alexandra"]
[WhiteFideId "448869"]
[BlackFideId "54154782"]
[WhiteElo "1931"]
[BlackElo "1887"]
[Result "0-1"]
[Round "09"]
[TimeControl "180+1"]
[Date "2021.05.04"]
[WhiteClock "0:01:10"]
[BlackClock "0:00:36"]

1. d4 d5 2. c4 e6 3. Nf3 Nf6 4. g3 dxc4 5. Bg2 Bb4+ 6. Bd2 a5 7. O-O O-O 8. Qc2 Bxd2 9. Nbxd2 b5 10. a4 c6 11. b3 cxb3 12. Nxb3 b4 13. Ne5 Nd5 14. Nc5 f6 15. Nc4 Na6 16. Qb3 Kh8 17. Ne3 Nxc5 18. dxc5 Nc3 19. Bxc6 Nxe2+ 20. Kh1 Nd4 21. Qc4 Nxc6 22. Rad1 Qc7 23. f3 Ne5 24. Qe4 Bb7 25. Qf4 Qxc5 26. Rc1 Qb6 27. g4 Nd3 28. Qc7 Qxe3 29. Rc4 Bxf3+ 0-1


[Site "https://www.chess.com"]

[Event "Titled Tuesday Blitz May 4 2021"]
[White "Rustemov, Alexander"]
[Black "Diaz Camallonga, Carles"]
[WhiteFideId "4119002"]
[BlackFideId "22235256"]
[WhiteElo "2633"]
[BlackElo "2438"]
[Result "1-0"]
[Round "09"]
[TimeControl "180+1"]
[Date "2021.05.04"]
[WhiteClock "0:00:10"]
[BlackClock "0:00:08"]

1. d4 e6 2. Nf3 Nf6 3. c4 d5 4. Nc3 Be7 5. Bg5 h6 6. Bxf6 Bxf6 7. e3 O-O 8. Rc1 c6 9. Bd3 Nd7 10. O-O dxc4 11. Bxc4 e5 12. h3 exd4 13. exd4 Nb6 14. Bb3 Re8 15. Qd2 Be6 16. Bxe6 Rxe6 17. Rfe1 Rxe1+ 18. Rxe1 Nd5 19. Ne4 Qb6 20. a3 Rd8 21. g3 Qc7 22. Kg2 Be7 23. Ne5 Nf6 24. Nxf6+ Bxf6 25. Qf4 Qd6 26. Re4 Qd5 27. Qf3 Re8 28. Qf4 c5 29. f3 Bg5 30. Qg4 c4 31. Qd7 Qxd7 32. Nxd7 Rxe4 33. fxe4 Bc1 34. Ne5 Bxb2 35. Nxc4 Bxd4 36. a4 Kf8 37. Kf3 Ke7 38. e5 Kd7 39. Ke4 Bf2 40. g4 Bc5 41. Kd5 Be7 42. Na5 Kc7 43. Nc4 b6 44. Ne3 g6 45. Nc2 a6 46. Nd4 Bc5 47. Nf3 Be3 48. Ke4 Bf2 49. Kd5 b5 50. axb5 axb5 51. h4 Kd7 52. h5 Ke7 53. Nd2 Be1 54. Nf3 Bc3 55. Kc5 b4 56. Kc4 Ke6 57. g5 gxh5 58. gxh6 Kf5 59. h7 Kf4 60. h8=Q Kxf3 61. Qxh5+ Ke4 62. Qxf7 Kxe5 63. Qd5+ Kf6 64. Kd3 Kg6 65. Ke4 Kf6 66. Qc6+ Ke7 67. Kf5 Kd8 68. Qb7 1-0


[Site "https://www.chess.com"]

[Event "Titled Tuesday Blitz May 4 2021"]
[White "Samadov, Read"]
[Black "Tikhonov, Viacheslav"]
[WhiteFideId "13417444"]
[BlackFideId "44196407"]
[WhiteElo "2084"]
[BlackElo "1773"]
[Result "0-1"]
[Round "09"]
[TimeControl "180+1"]
[Date "2021.05.04"]
[WhiteClock "0:00:03"]
[BlackClock "0:00:29"]

1. d4 d5 2. c4 dxc4 3. e3 Nf6 4. Bxc4 e6 5. Nf3 a6 6. a4 c5 7. O-O Nc6 8. Nc3 cxd4 9. exd4 Be7 10. Re1 O-O 11. Bg5 Nb4 12. Ne5 Nfd5 13. Bd2 Bf6 14. Ne4 Nc6 15. Nxc6 bxc6 16. Nxf6+ Qxf6 17. Re4 a5 18. b3 Ba6 19. Qe2 Nc7 20. Bf4 Nd5 21. Be5 Nc3 22. Bxf6 Nxe2+ 23. Rxe2 gxf6 24. Rc2 Rfd8 25. Rd1 Rd6 26. f3 Bxc4 27. Rxc4 Rb8 28. Rd3 Kf8 29. Kf2 Ke7 30. Ke3 Kd7 31. Rc5 Rd5 32. Rxd5+ cxd5 33. Rc3 Rb4 34. Kd3 e5 35. dxe5 fxe5 36. Rc5 Kd6 37. Rxa5 Rxb3+ 38. Kc2 Ra3 39. Ra6+ Kc5 40. Rf6 Ra2+ 41. Kd3 Rxg2 42. Rxf7 Rxh2 43. a5 Ra2 44. Rc7+ Kd6 45. Rxh7 Ra3+ 46. Ke2 Rxa5 47. Rh4 Kc5 48. Ke3 Ra3+ 49. Ke2 Rb3 50. Rg4 Rb4 51. Rg8 Rh4 52. Ke3 Rh3 53. Rc8+ Kd6 54. Rd8+ Kc6 55. Re8 e4 56. Re6+ Kc5 57. Ke2 Rxf3 58. Ra6 Kd4 0-1


[Site "https://www.chess.com"]

[Event "Titled Tuesday Blitz May 4 2021"]
[White "Sanchez Alvares, Kelvin Antonio"]
[Black "Golizadeh, Asghar"]
[WhiteFideId "3906680"]
[BlackFideId "12505269"]
[WhiteElo "2247"]
[BlackElo "2403"]
[Result "1-0"]
[Round "09"]
[TimeControl "180+1"]
[Date "2021.05.04"]
[WhiteClock "0:00:05"]
[BlackClock "0:00:01"]

1. e4 c5 2. Nf3 d6 3. d4 cxd4 4. Nxd4 Nf6 5. Nc3 a6 6. Bg5 Nbd7 7. f4 Qc7 8. Qf3 h6 9. Bxf6 Nxf6 10. f5 Bd7 11. O-O-O Bc6 12. Bd3 Nd7 13. Qh5 Nf6 14. Qe2 Nd7 15. Qh5 Ne5 16. Rhe1 O-O-O 17. Qe2 Kb8 18. Kb1 h5 19. Nd5 Bxd5 20. exd5 h4 21. Bxa6 bxa6 22. Qxa6 Qb7 23. Qa4 Qa7 24. Qb4+ Qb7 25. Qa4 Qa7 26. Qb4+ Qb7 27. Nb5 Rc8 28. Re3 Rc4 29. Qa5 Rc5 30. Rb3 Nc4 31. Qa4 Nb6 32. Qa3 Rxd5 33. Rxd5 Nxd5 34. Nxd6 exd6 35. Rxb7+ Kxb7 36. Qb3+ Kc6 37. Qc4+ Kd7 38. Qxd5 Be7 39. a4 Rb8 40. a5 Rc8 41. a6 Rc7 42. Qb5+ Kc8 43. Qd5 Bd8 44. Qxd6 Rd7 45. Qc6+ Rc7 46. Qd5 Rd7 47. Qc6+ Rc7 48. Qa8+ Kd7 49. a7 Rc8 50. Qxc8+ 1-0


[Site "https://www.chess.com"]

[Event "Titled Tuesday Blitz May 4 2021"]
[White "Sapunov, Evgeny"]
[Black "Gelman, Alexander"]
[WhiteFideId "4126661"]
[BlackFideId "4118316"]
[WhiteElo "2470"]
[BlackElo "2375"]
[Result "1-0"]
[Round "09"]
[TimeControl "180+1"]
[Date "2021.05.04"]
[WhiteClock "0:00:31"]
[BlackClock "0:00:03"]

1. c4 c5 2. Nf3 Nf6 3. Nc3 d6 4. d4 cxd4 5. Nxd4 a6 6. g3 e6 7. Bg2 Be7 8. O-O O-O 9. b3 Qc7 10. Bb2 Nbd7 11. Rc1 Ne5 12. e3 Bd7 13. h3 Rac8 14. f4 Ng6 15. Qe1 Qb8 16. g4 h6 17. Qg3 b5 18. h4 h5 19. f5 exf5 20. gxf5 Ne5 21. Nd5 Nxd5 22. Bxd5 Bf6 23. cxb5 axb5 24. Kh1 Rxc1 25. Rxc1 Rc8 26. Rg1 Rc5 27. e4 Qf8 28. Nf3 Ng4 29. Ba3 Qe7 30. Bxc5 dxc5 31. Nh2 Be5 32. f6 Qxf6 33. Nxg4 hxg4 34. Qe1 g3 35. Kg2 Qxh4 36. Rh1 Qf4 37. Rf1 Qh4 38. Bxf7+ 1-0


[Site "https://www.chess.com"]

[Event "Titled Tuesday Blitz May 4 2021"]
[White "Saraci, Nderim"]
[Black "Banawa, Joel"]
[WhiteFideId "6351921"]
[BlackFideId "2024055"]
[WhiteElo "2486"]
[BlackElo "2715"]
[Result "1-0"]
[Round "09"]
[TimeControl "180+1"]
[Date "2021.05.04"]
[WhiteClock "0:00:15"]
[BlackClock "0:00:01"]

1. d4 Nf6 2. Nf3 g6 3. g3 Bg7 4. Bg2 O-O 5. O-O d6 6. c4 Nc6 7. Nc3 Bg4 8. d5 Na5 9. Nd2 c5 10. dxc6 Nxc6 11. Nde4 Nxe4 12. Bxe4 Rc8 13. Bd2 a6 14. Rc1 Bh3 15. Bg2 Bxg2 16. Kxg2 Ne5 17. b3 Qd7 18. a4 Rfd8 19. Be3 e6 20. Qd2 d5 21. cxd5 exd5 22. Bd4 b5 23. axb5 axb5 24. Rfd1 b4 25. Na4 Rxc1 26. Rxc1 Ng4 27. Bxg7 Kxg7 28. Qd4+ Kg8 29. Nc5 Qf5 30. h3 Nf6 31. Qxb4 d4 32. Qb6 Rd5 33. b4 Ne4 34. Qb8+ Kg7 35. Qf4 Qxf4 36. gxf4 Nc3 37. Rc2 Rf5 38. Nd3 Rb5 39. Kf3 Nd5 40. Rc4 Nc3 41. Rxd4 Rh5 42. Rc4 Nb5 43. Rc5 Nd4+ 44. Ke3 Nf5+ 45. Kd2 Rxh3 46. b5 Rh1 47. b6 Rb1 48. Rc6 Nd4 49. Rc4 Nf5 50. Rb4 Rxb4 51. Nxb4 Nd6 52. f3 h5 53. Ke1 h4 54. e4 Nb7 55. Nd5 f6 56. Kf2 g5 57. Kg2 Kg6 58. Kh3 Kf7 59. Kg4 Kg6 60. Ne7+ Kf7 61. Nf5 Kg6 62. fxg5 fxg5 63. Ne3 Kf6 64. Nf5 Kg6 65. e5 Nc5 66. Nd6 1-0


[Site "https://www.chess.com"]

[Event "Titled Tuesday Blitz May 4 2021"]
[White "Sargissyan, Sargis"]
[Black "Lysenko, Volodymyr"]
[WhiteFideId "13303210"]
[BlackFideId "14175770"]
[WhiteElo "2174"]
[BlackElo "1957"]
[Result "1/2-1/2"]
[Round "09"]
[TimeControl "180+1"]
[Date "2021.05.04"]
[WhiteClock "0:00:03"]
[BlackClock "0:00:03"]

1. e4 e6 2. d4 d5 3. Nd2 c5 4. exd5 Qxd5 5. Ngf3 cxd4 6. Bc4 Qd6 7. Nb3 Nc6 8. Nbxd4 Nxd4 9. Nxd4 Nf6 10. O-O Be7 11. Nb5 Qc6 12. Bd3 a6 13. Nd4 Qc7 14. Re1 O-O 15. c3 b5 16. Nf3 Bb7 17. Qe2 Bd6 18. h3 Rfe8 19. Bg5 Nd5 20. Bd2 Rad8 21. Rad1 Nf4 22. Bxf4 Bxf4 23. Be4 Bc6 24. Nd4 Bd5 25. Bxd5 Rxd5 26. Qf3 Red8 27. Nb3 Bh6 28. Rxd5 exd5 29. Qxd5 g6 30. Qe4 Bf8 31. Nd4 Qd6 32. Qb7 Rd7 33. Qa8 Rd8 34. Qf3 Bg7 35. Nb3 h5 36. Qe3 Bf6 37. Re2 Kg7 38. Re1 Qd5 39. Qe4 Qxe4 40. Rxe4 Rd1+ 41. Kh2 Rb1 42. Re2 Rd1 43. g3 Rd6 44. Nc5 Rc6 45. Nd7 Bd8 46. Ne5 Re6 47. Re3 Bc7 48. Nd3 Rxe3 49. fxe3 Bb6 50. e4 Kf6 51. Kg2 Ke6 52. Kf3 Bc7 53. Nc5+ Kd6 54. Nxa6 Bb6 55. Nb4 Bg1 56. Nd5 Ke5 57. Nf4 Bb6 58. Nd3+ Kd6 59. b3 Bc7 60. Nb4 Ke6 61. Nd5 Be5 62. c4 bxc4 63. bxc4 Kd6 64. g4 hxg4+ 65. hxg4 Kc5 66. Ne3 Kd4 67. a4 Bc7 68. Nd5 Bd8 69. a5 Bxa5 70. Ne7 Kxc4 71. Kf4 Bd8 72. Ng8 Bc7+ 73. Kg5 Kd4 74. Kf6 Kxe4 75. Kxf7 g5 76. Kg6 Kf4 77. Kh5 Bd8 78. Nh6 Bf6 79. Nf7 Be7 80. Nxg5 Bxg5 81. Kg6 Kxg4 1/2-1/2


[Site "https://www.chess.com"]

[Event "Titled Tuesday Blitz May 4 2021"]
[White "Sargsyan, Anna M."]
[Black "Visakh N R"]
[WhiteFideId "13308130"]
[BlackFideId "25012223"]
[WhiteElo "2263"]
[BlackElo "2428"]
[Result "0-1"]
[Round "09"]
[TimeControl "180+1"]
[Date "2021.05.04"]
[WhiteClock "0:00:02"]
[BlackClock "0:00:04"]

1. d4 Nf6 2. c4 g6 3. g3 Bg7 4. Bg2 O-O 5. Nc3 c6 6. Nf3 d5 7. cxd5 cxd5 8. Ne5 e6 9. O-O Nfd7 10. Nxd7 Bxd7 11. b3 Nc6 12. a4 Nxd4 13. Ba3 Re8 14. Rc1 Rc8 15. e3 Nf5 16. Ne2 Rxc1 17. Nxc1 Bf8 18. Bb2 Qe7 19. Nd3 Bg7 20. Ne5 Rc8 21. e4 dxe4 22. Bxe4 Be8 23. Qf3 Qc7 24. Nc4 Bxb2 25. Nxb2 Nd4 26. Qe3 Qc3 27. Nc4 Qxe3 28. fxe3 Nxb3 29. Nd6 Rb8 30. Bxb7 Nc5 31. Bf3 Bxa4 32. Rc1 Nd3 33. Rc7 Ne5 34. Be4 a5 35. Ra7 Rd8 36. Rxa5 Rxd6 37. Rxa4 Rd1+ 38. Kg2 Rd2+ 39. Kg1 Ng4 40. Ra3 Kg7 41. h3 Ne5 42. g4 Nc4 43. Rc3 Ne5 44. Bg2 Kf6 45. Kh2 g5 46. Kg3 Ng6 0-1


[Site "https://www.chess.com"]

[Event "Titled Tuesday Blitz May 4 2021"]
[White "Senthil Maran K"]
[Black "Jakubowska, Anna"]
[WhiteFideId "25035681"]
[BlackFideId "1121952"]
[WhiteElo "2194"]
[BlackElo "2006"]
[Result "1-0"]
[Round "09"]
[TimeControl "180+1"]
[Date "2021.05.04"]
[WhiteClock "0:00:21"]
[BlackClock "0:00:15"]

1. Nf3 f5 2. d4 Nf6 3. g3 g6 4. Bg2 Bg7 5. O-O O-O 6. Re1 d6 7. Nbd2 c6 8. e4 fxe4 9. Nxe4 Nxe4 10. Rxe4 Bf5 11. Re1 Nd7 12. c3 e5 13. Qb3+ Kh8 14. Qxb7 Bg4 15. Ng5 exd4 16. Qxc6 Qf6 17. Ne4 Qf5 18. Qxd6 Rae8 19. Bf4 g5 20. Nxg5 dxc3 21. bxc3 Bxc3 22. Rxe8 Rxe8 23. Rf1 Be2 24. Bh3 Bxf1 25. Bxf5 Re1 26. Bd2 Be5 27. Qxd7 1-0


[Site "https://www.chess.com"]

[Event "Titled Tuesday Blitz May 4 2021"]
[White "Sergey85Rodchenkov"]
[Black "Alboredo, Julia"]
[BlackFideId "2124807"]
[WhiteElo "2537"]
[BlackElo "2041"]
[Result "1-0"]
[Round "09"]
[TimeControl "180+1"]
[Date "2021.05.04"]
[WhiteClock "0:01:25"]
[BlackClock "0:00:04"]

1. Nf3 Nf6 2. c4 g6 3. b4 d6 4. Bb2 Bg7 5. d3 O-O 6. g3 a5 7. b5 Nbd7 8. Bg2 a4 9. O-O Nc5 10. Qc2 Bd7 11. a3 c6 12. bxc6 bxc6 13. Nbd2 e5 14. Bc3 Qc7 15. Rfb1 Rfb8 16. h4 Bf5 17. Ng5 h6 18. Nge4 Nfxe4 19. Nxe4 Nxe4 20. Bxe4 Bxe4 21. dxe4 c5 22. Rxb8+ Qxb8 23. Rb1 Qc7 24. Bd2 Qc6 25. f3 Kh7 26. Kg2 Qd7 27. g4 Qe6 28. Rb7 Rf8 29. Qxa4 f5 30. exf5 gxf5 31. Qc2 Qg6 32. h5 Qe6 33. gxf5 Rxf5 34. Qe4 Kg8 35. Qd5 Qxd5 36. cxd5 Rxh5 37. Rd7 Bf8 38. a4 Rh4 39. e4 Rh5 40. a5 c4 41. a6 c3 42. Bc1 1-0


[Site "https://www.chess.com"]

[Event "Titled Tuesday Blitz May 4 2021"]
[White "Shahade, Gregory"]
[Black "Lewtak, Damian"]
[WhiteFideId "2009064"]
[BlackFideId "1141724"]
[WhiteElo "2627"]
[BlackElo "2291"]
[Result "0-1"]
[Round "09"]
[TimeControl "180+1"]
[Date "2021.05.04"]
[WhiteClock "0:00:16"]
[BlackClock "0:00:27"]

1. e4 c5 2. Nf3 d6 3. d4 cxd4 4. Nxd4 Nf6 5. Nc3 Nc6 6. f3 e5 7. Nb3 h5 8. Be3 Be7 9. Qd2 Be6 10. Nd5 Bxd5 11. exd5 Nb8 12. Be2 Nbd7 13. O-O O-O 14. Na5 Qc7 15. c4 Rfc8 16. b4 Nb8 17. Rac1 b6 18. Nb3 Nbd7 19. f4 e4 20. Nd4 Qd8 21. Nc6 Qe8 22. Bd4 Bf8 23. Qe3 Rc7 24. Qh3 b5 25. cxb5 Nxd5 26. Qxh5 N7f6 27. Qg5 Rac8 28. Bc4 Nxb4 29. Bxf6 d5 30. Nxb4 Rxc4 31. Rxc4 Rxc4 32. Nxd5 g6 33. f5 e3 34. fxg6 fxg6 35. Bb2 Bg7 0-1


[Site "https://www.chess.com"]

[Event "Titled Tuesday Blitz May 4 2021"]
[White "Sharapov, Evgeny"]
[Black "Skoberne, Jure"]
[WhiteFideId "14103133"]
[BlackFideId "14604299"]
[WhiteElo "2367"]
[BlackElo "2559"]
[Result "0-1"]
[Round "09"]
[TimeControl "180+1"]
[Date "2021.05.04"]
[WhiteClock "0:00:23"]
[BlackClock "0:00:08"]

1. c4 Nf6 2. Nc3 g6 3. Nf3 Bg7 4. g3 O-O 5. Bg2 d6 6. O-O e5 7. d3 Nc6 8. Bg5 h6 9. Bxf6 Bxf6 10. Rb1 Bg7 11. b4 f5 12. Qc1 g5 13. b5 Ne7 14. Nd2 e4 15. dxe4 f4 16. Nd5 Ng6 17. c5 Rf7 18. cxd6 Qxd6 19. Nc4 Qf8 20. Qd2 Be6 21. Na5 Rb8 22. Rbc1 Be5 23. Nc4 Bg7 24. Qb4 c6 25. Qxf8+ Bxf8 26. bxc6 bxc6 27. Na5 cxd5 28. exd5 Bg4 29. Rc2 Re8 30. d6 Bxd6 31. Bd5 Be6 32. Bxe6 Rxe6 33. Rc6 fxg3 34. hxg3 Ne5 35. Ra6 Ref6 36. Rd1 Bc5 37. Rxf6 Rxf6 38. e3 Bb6 39. Nb7 Ng4 40. Rf1 Rxf2 41. Rxf2 Bxe3 42. Kg2 Bxf2 43. Kf3 h5 44. Nd8 Bb6 45. Ne6 Ne5+ 46. Ke4 Nf7 47. Kf5 Be3 48. Kg6 h4 49. gxh4 gxh4 50. Nc7 h3 51. Nd5 Bg5 0-1


[Site "https://www.chess.com"]

[Event "Titled Tuesday Blitz May 4 2021"]
[White "Shimelkov, Vasiliy"]
[Black "Buksa, Nataliya"]
[WhiteFideId "13701630"]
[BlackFideId "14123622"]
[WhiteElo "2073"]
[BlackElo "2214"]
[Result "1-0"]
[Round "09"]
[TimeControl "180+1"]
[Date "2021.05.04"]
[WhiteClock "0:00:33"]
[BlackClock "0:00:31"]

1. d4 d5 2. Nf3 Nf6 3. c4 e6 4. Nc3 Nbd7 5. Bg5 Be7 6. e3 h6 7. Bh4 Ne4 8. Bg3 Nxc3 9. bxc3 O-O 10. Bd3 c5 11. O-O b6 12. cxd5 exd5 13. Qe2 Nf6 14. Ne5 Be6 15. f4 Ne4 16. Bxe4 dxe4 17. Nc6 Qc7 18. Nxe7+ Qxe7 19. f5 Bd5 20. f6 Qe6 21. fxg7 Rfc8 22. Qh5 Rc6 23. Rf5 Rd8 24. Raf1 cxd4 25. Rf6 Qxf6 26. Rxf6 Rxf6 27. Bh4 dxc3 28. Bxf6 c2 29. Bb2 Kh7 30. Qe5 Kg8 31. Qc7 Re8 32. Qxc2 b5 33. Qc5 Bc4 34. Qxa7 Rd8 35. h3 Be2 36. Bd4 Rc8 37. Qb6 Kh7 38. Qf6 1-0


[Site "https://www.chess.com"]

[Event "Titled Tuesday Blitz May 4 2021"]
[White "Shkapenko, Pavel"]
[Black "Seul, Georg"]
[WhiteFideId "4151933"]
[BlackFideId "4601653"]
[WhiteElo "2386"]
[BlackElo "2332"]
[Result "0-1"]
[Round "09"]
[TimeControl "180+1"]
[Date "2021.05.04"]
[WhiteClock "0:00:42"]
[BlackClock "0:00:55"]

1. e4 e5 2. Nf3 Nc6 3. Bc4 Nf6 4. Ng5 d5 5. exd5 Na5 6. Bb5+ c6 7. dxc6 bxc6 8. Bd3 Nd5 9. Nf3 Bd6 10. O-O O-O 11. Re1 Qc7 12. Bf1 f5 13. d3 c5 14. Bd2 Nc6 15. Nc3 Nxc3 16. Bxc3 Nd4 17. Nd2 Be6 18. Nc4 Bxc4 19. dxc4 e4 20. h3 Rad8 21. Kh1 Be5 22. Qc1 Bf4 23. Qb1 Rfe8 24. b3 e3 25. fxe3 Bxe3 26. Qb2 f4 27. Bxd4 cxd4 28. Be2 Bd2 29. Rad1 Bxe1 30. Rxe1 f3 31. gxf3 Qg3 0-1


[Site "https://www.chess.com"]

[Event "Titled Tuesday Blitz May 4 2021"]
[White "Shyaamnikhil P"]
[Black "Balaji, Aaravamudhan"]
[WhiteFideId "5024218"]
[BlackFideId "436224"]
[WhiteElo "2300"]
[BlackElo "2085"]
[Result "1-0"]
[Round "09"]
[TimeControl "180+1"]
[Date "2021.05.04"]
[WhiteClock "0:01:19"]
[BlackClock "0:00:02"]

1. e3 Nf6 2. g4 h6 3. Bg2 d5 4. h3 e5 5. c4 c6 6. cxd5 cxd5 7. d4 exd4 8. exd4 Bb4+ 9. Nc3 O-O 10. Ne2 Ne4 11. O-O f5 12. Qb3 Nxc3 13. bxc3 Bd6 14. Qxd5+ Kh8 15. Bf4 Bxf4 16. Qxd8 Rxd8 17. Nxf4 fxg4 18. hxg4 Nc6 19. Bxc6 bxc6 20. f3 Kh7 21. Kg2 Rf8 22. Kg3 Ba6 23. Rfe1 Rf7 24. Ne6 Bc4 25. f4 a5 26. f5 a4 27. a3 Rb8 28. Rab1 Rb3 29. Rbc1 Rxa3 30. Rh1 Bxe6 31. fxe6 Re7 32. Rhe1 Rb3 33. Kf4 a3 34. Ke5 a2 35. Kd6 Re8 36. Ra1 Rxc3 37. Rxa2 Rd3 38. Re4 Rd8+ 39. Kc7 R8xd4 40. Rxd4 Rxd4 41. Re2 Ra4 42. e7 Ra8 43. e8=Q Rxe8 44. Rxe8 c5 45. Kd6 c4 46. Ke5 Kg6 47. Kf4 Kf6 48. Rc8 g5+ 49. Kf3 1-0


[Site "https://www.chess.com"]

[Event "Titled Tuesday Blitz May 4 2021"]
[White "Sikorova, Olga"]
[Black "Torkkola, Henri"]
[WhiteFideId "307033"]
[BlackFideId "507660"]
[WhiteElo "2188"]
[BlackElo "2137"]
[Result "0-1"]
[Round "09"]
[TimeControl "180+1"]
[Date "2021.05.04"]
[WhiteClock "0:00:12"]
[BlackClock "0:00:19"]

1. c4 g6 2. g3 Bg7 3. Bg2 d6 4. e4 e5 5. Ne2 Ne7 6. O-O O-O 7. Nbc3 Nbc6 8. d3 f5 9. Nd5 h6 10. Be3 Kh7 11. b4 Nxd5 12. exd5 Nxb4 13. a3 Na6 14. Rb1 b6 15. d4 exd4 16. Nxd4 Bd7 17. Ne6 Bxe6 18. dxe6 Rb8 19. Qd5 Qf6 20. Rfe1 Rfe8 21. Bc1 Nc5 22. Bb2 Qf8 23. Bxg7 Qxg7 24. Re2 Re7 25. Rbe1 Rbe8 26. h3 Qf6 27. g4 fxg4 28. hxg4 Rxe6 29. Rxe6 Rxe6 30. Rxe6 Qxe6 31. Qd4 Qe5 32. Qd2 Kg7 33. Bd5 Ne6 34. a4 a5 35. Bxe6 Qxe6 36. Qd4+ Qe5 37. Qd2 Qe4 38. Qb2+ Kh7 39. Qf6 Qxg4+ 40. Kf1 Qxc4+ 41. Kg2 Qe4+ 42. f3 Qe8 43. Qc3 Qe7 44. Qc6 h5 45. Kg3 Qe5+ 46. Kg2 Qe7 47. Kg3 Kh6 48. Kf2 g5 49. Kg3 h4+ 50. Kg2 Qf7 51. Kf2 Qa2+ 52. Ke3 Qb3+ 53. Ke4 Qb1+ 54. Kd5 Qf5+ 55. Kd4 Qc5+ 0-1


[Site "https://www.chess.com"]

[Event "Titled Tuesday Blitz May 4 2021"]
[White "Sirosh, Ilja"]
[Black "Ivanisevic, Ivan"]
[WhiteFideId "4500458"]
[BlackFideId "912417"]
[WhiteElo "2241"]
[BlackElo "2525"]
[Result "0-1"]
[Round "09"]
[TimeControl "180+1"]
[Date "2021.05.04"]
[WhiteClock "0:00:29"]
[BlackClock "0:01:39"]

1. e4 d6 2. d4 g6 3. Nf3 Nf6 4. Nc3 Bg7 5. Be2 O-O 6. O-O c5 7. d5 Bg4 8. h3 Bxf3 9. Bxf3 Nbd7 10. Be2 Qa5 11. Kh1 Rfc8 12. f4 c4 13. a4 a6 14. Bg4 Nxg4 15. hxg4 b5 16. Be3 b4 17. Ne2 Bxb2 18. Rb1 Bg7 19. f5 Qxa4 20. Rf3 Ne5 21. Nd4 b3 22. cxb3 cxb3 23. Rh3 Rc3 24. Rxb3 Rxb3 25. Qxb3 Qxb3 26. Nxb3 Nxg4 27. Bg1 a5 28. Rg3 h5 0-1


[Site "https://www.chess.com"]

[Event "Titled Tuesday Blitz May 4 2021"]
[White "Song, Michael"]
[Black "Bonte, Andrei-Mihai"]
[WhiteFideId "2613190"]
[BlackFideId "1210297"]
[WhiteElo "2274"]
[BlackElo "2200"]
[Result "1-0"]
[Round "09"]
[TimeControl "180+1"]
[Date "2021.05.04"]
[WhiteClock "0:00:51"]
[BlackClock "0:00:39"]

1. d4 Nf6 2. Bg5 c5 3. d5 Qb6 4. Nc3 Qxb2 5. Bd2 Qb6 6. e4 Qc7 7. f4 d6 8. Nf3 Bg4 9. h3 Bxf3 10. Qxf3 Nbd7 11. g4 g6 12. g5 Nh5 13. Be2 Bg7 14. Qe3 Bd4 15. Qd3 a6 16. a4 h6 17. Bxh5 gxh5 18. h4 hxg5 19. hxg5 h4 20. Rb1 O-O-O 21. Ne2 Bg7 22. Qf3 c4 23. Qg4 c3 24. Be3 Qc4 25. Qf3 Nc5 26. Bxc5 Qxc5 27. Rb3 e6 28. dxe6 fxe6 29. e5 Qc6 30. Rxc3 1-0


[Site "https://www.chess.com"]

[Event "Titled Tuesday Blitz May 4 2021"]
[White "Spencenzug"]
[Black "Najdin, Danil"]
[BlackFideId "4172426"]
[WhiteElo "2318"]
[BlackElo "2193"]
[Result "0-1"]
[Round "09"]
[TimeControl "180+1"]
[Date "2021.05.04"]
[WhiteClock "0:01:10"]
[BlackClock "0:01:10"]

1. e4 e5 2. Nf3 Nc6 3. d4 exd4 4. Nxd4 Nf6 5. Nxc6 bxc6 6. e5 Qe7 7. Qe2 Nd5 8. h4 d6 9. exd6 Qxe2+ 10. Bxe2 Bxd6 11. O-O Bf5 12. c3 O-O-O 13. Bf3 Nf4 14. Be3 c5 15. Na3 Rhe8 16. Nc4 Nd3 17. Rfd1 Be7 18. g3 Be6 19. b3 Bf6 20. Bxc5 Nxc5 0-1


[Site "https://www.chess.com"]